 Dungeon Crawl Stone Soup version 0.28-a0-1524-ge72afd5fc6 (webtiles) character file.

Game seed: 780383824117389501

14 psuckher the Sneak (level 2, 0/37 HPs)
             Began as a Barachi Delver on Jan 17, 2022.
             Was a Follower of Zin.
             Succumbed to an adder's poison
             ... on level 4 of the Dungeon.
             The game lasted 00:03:09 (435 turns).

psuckher the Sneak (Barachi Delver)                  Turns: 435, Time: 00:03:09

Health: 0/37       AC: 21    Str: 13    XL:     2   Next: 41%
Magic:  2/2        EV:  2    Int: 10    God:    Zin [*.....]
Gold:   117        SH:  0    Dex: 13    Spells: 1/1 levels left

rFire   . . .      SeeInvis .   a - +0 falchion
rCold   . . .      Faith    .   (no shield)
rNeg    . . .      Spirit   .   (armour currently unavailable)
rPois   +          Reflect  .   (helmet currently unavailable)
rElec   .          Harm     .   (cloak currently unavailable)
rCorr   .          Rampage  .   (gloves currently unavailable)
Will    .....      NoTele   +   (boots currently unavailable)
Stlth   +++.......              (no amulet)
HPRegen 0.12/turn               (no ring)
MPRegen 0.08/turn               (no ring)

@: lethally poisoned (0 -> -1), tree-form
A: stationary, stasis, torment immunity, boosted hp, (amphibious), (slowness 1),
(strong legs 1), +LOS
a: Renounce Religion, Recite, Donate Gold


You were on level 4 of the Dungeon.
You worshipped Zin.
Zin was aware of your devotion.
You were a tree.
You visited 1 branch of the dungeon, and saw 3 of its levels.

You collected 130 gold pieces.
You donated 13 gold pieces to Zin.

Inventory:

Hand Weapons
 a - a +0 falchion (weapon)
Armour
 b - a +0 leather armour (melded)
Wands
 g - a wand of digging (3)
Scrolls
 c - 2 scrolls of fog
 d - a scroll of magic mapping
 e - a scroll of fear
 h - a scroll of silence {unknown}
 i - a scroll of enchant weapon {unknown}
 k - a scroll of teleportation {unknown}
 l - a scroll of amnesia {unknown}
 n - a scroll of blinking {unknown}
Potions
 f - a potion of haste
 m - a potion of flight {unknown}


   Skills:
 + Level 3.7 Fighting
 + Level 2.5 Long Blades
 + Level 0.2 Armour
 + Level 2.4 Dodging
 + Level 4.8 Stealth


You had one spell level left.
You didn't know any spells.
Your spell library was empty.

Dungeon Overview and Level Annotations

Branches:
Dungeon (6/15)
 Temple: D:4-7

Altars:
Zin


Innate Abilities, Weirdness & Mutations

You are a tree.
Your roots penetrate the ground, keeping you stationary.
You cannot be teleported.
You are immune to unholy pain and torment.
Your maximum health is greatly increased.
Your equipment is partially melded.
((You are amphibious.))
((You cover ground slowly.))
((You can hop short distances.))
You have an extended range of vision and can be seen from far away.


Message History

The adder bites you but does no damage.
You closely miss the adder. Your punch misses the adder.
The adder closely misses you. The adder barely misses you.
You miss the adder. The adder bites you but does no damage.
You miss the adder. The adder bites you.
You are poisoned.
The adder poisons you! The adder misses you.
You barely miss the adder.
You feel sick. The adder barely misses you.
You slash the adder!
The adder is severely wounded.
You feel sick. The adder bites you.
You are lethally poisoned!
The adder poisons you! The adder closely misses you.
You hit the adder.
You kill the adder!
* * * LOW HITPOINT WARNING * * *
You feel very sick.
You have reached level 2!
Unknown command.
* * * LOW HITPOINT WARNING * * *
You feel sick.
* * * LOW HITPOINT WARNING * * *
You feel sick.
* * * LOW HITPOINT WARNING * * *
You feel sick.
There is a glowing silver altar of Zin here.
* * * LOW HITPOINT WARNING * * *
You feel sick.
It was a potion of lignification.
You turn into a tree.
Your +0 leather armour melds into your body.
Your roots penetrate the ground.
Zin forgives your inadvertent chaotic act, just this once.
* * * LOW HITPOINT WARNING * * *
You feel sick.
You cannot move.
You cannot move.
Unknown command.
You are now empty-handed.
a - a +0 falchion (weapon)
You die...

..# #.# #.....♣.♣.
#.# #.####.....♣ .
#.# #<...#.##... ♣♣
###.######.#. #..♣
#..........# ##oo
##.#######..# # #.♣
#..#.....#..#.###
#..#.....#.......
#..'.♣_..#.......
###..#.....#.......
#>...#.....#..##.##
#.##.#######..#
#.##..........#
#.#####.##.##.# #.#
#.##....# #.#
#.#####.# # #.# #.#
#


There were no monsters in sight!

Vanquished Creatures
  An adder (D:4)
  A dart slug (D:4)
  A kobold (D:4)
3 creatures vanquished.

Vanquished Creatures (others)
  5 plants (D:4)
5 creatures vanquished.

Grand Total: 8 creatures vanquished

Notes
Turn   | Place    | Note
-------+----------+-------------------------------------------
     0 | D:5      | psuckher the Barachi Delver began the quest for the Orb.
     0 | D:5      | Reached XP level 1. HP: 18/18 MP: 1/1
   329 | D:4      | Found a glowing silver altar of Zin.
   330 | D:4      | You fall into a shaft and drop 2 floors!
   415 | D:4      | Became a worshipper of Zin the Law-Giver
   415 | D:4      | Reached * piety under Zin
   429 | D:4      | Reached XP level 2. HP: 7/25 MP: 2/2
   432 | D:4      | HP: 1/25 [poisoned by an adder]
   435 | D:4      | Succumbed to an adder's poison

Illustrated notes

Levels and vault maps discovered:
D:4:      wad_woods_settlement, layout_loops_ring,
          nemelex_xobeh_ov_fountains_minmay, amcnicky_altar_gilded,
          serial_shops, shop, chequers_big_river
D:5:      layout_loops_ring, mainiacjoe_overflow_alcove_1, uniq_edmund,
          uniq_sigmund
D:6:      layout_layer_cave, mainiacjoe_overflow_chevrons,
          nzn_wu_jian_contemplation, temple_hall, kennysheep_windowed_goal,
          uniq_pikel

Action                   || total
-------------------------++-------
Melee: Falchion          ||    15
       Punch             ||     1
  Use: Potion            ||     1
Armor: Leather armour    ||     5
Dodge: Dodged            ||     8

Table legend: (Time is in decaauts)
 A = Elapsed time spent in this place.
 B = Non-inter-level travel time spent in this place.
 C = Inter-level travel time spent in this place.
 D = Time resting spent in this place.
 E = Time spent auto-exploring this place.
 F = Levels seen in this place.
 G = Mean time per level.
                   A        B        C        D        E       F      G
               +--------+--------+--------+--------+--------+-----+--------+
         Total |    516 |    516 |      0 |      0 |      0 |   3 |  172.0 |
       Dungeon |    516 |    516 |      0 |      0 |      0 |   3 |  172.0 |
               +--------+--------+--------+--------+--------+-----+--------+

Top non-repeatable levels by time:
     D:4: 314 daAuts
     D:5: 170 daAuts
     D:6: 30 daAuts
